2862 views
Uploaded 2019-12-13 22:42:08
Game version 1.32.0.4
28:35 long 3on3 ladder game on (6)BloodstoneMesa_LV
Saved by BEARAND
2862 views
Uploaded 2019-12-13 22:42:08
Game version 1.32.0.4
28:35 long 3on3 ladder game on (6)BloodstoneMesa_LV


159 units @ 23.4k
/ 3.7k
71 buildings @ 12.1k
/ 5.1k


| Scroll of Town Portal | 1 | 350 |
| total: | 1 | 350g |
| Wisp | 15 | 900 | / | 0 |
| Huntress | 9 | 1755 | / | 180 |
| Druid of the Claw | 9 | 2295 | / | 720 |
| Glaive Thrower | 7 | 1470 | / | 455 |
| total: | 40 | 6420g | / | 1355w |
| Ancient Protector | 4 | 540 | / | 320 |
| Altar of Elders | 1 | 180 | / | 50 |
| Moon Well | 8 | 1440 | / | 320 |
| Ancient of War | 2 | 300 | / | 120 |
| Hunter's Hall | 1 | 210 | / | 100 |
| Tree of Life | 1 | 340 | / | 185 |
| Ancient of Lore | 2 | 310 | / | 290 |
| Tree of Ages | 1 | 320 | / | 180 |
| Tree of Eternity | 1 | 330 | / | 200 |
| total: | 19 | 3320g | / | 1385w |
| 0:04 | Altar of Elders |
| 0:05 | Wisp |
| 0:05 | Wisp |
| 0:12 | Wisp |
| 0:22 | Moon Well |
| 0:28 | Wisp |
| 0:34 | Wisp |
| 0:57 | Wisp |
| 1:02 | Wisp |
| 1:30 | Wisp |
| 1:44 | Ancient of War |
| 1:47 | Hunter's Hall |
| 1:52 | Moon Well |
| 1:56 | Wisp |
| 2:37 | Force of Nature |
| 2:49 | Huntress |
| 2:49 | Huntress |
| 3:01 | Ultravision |
| 3:05 | Tree of Ages |
| 3:34 | Ancient of War |
| 3:38 | Moon Well |
| 3:52 | Huntress |
| 4:10 | Strength of the Moon |
| 4:54 | Huntress |
| 4:57 | Moon Well |
| 5:07 | Entangling Roots |
| 5:24 | Huntress |
| 5:57 | Huntress |
| 6:47 | Huntress |
| 6:53 | Moon Armor |
| 7:24 | Mana Burn |
| 7:53 | Thorns Aura |
| 7:59 | Huntress |
| 8:23 | Wisp |
| 8:23 | Wisp |
| 8:27 | Ancient of Lore |
| 8:28 | Ancient of Lore |
| 9:29 | Improved Strength of the Moon |
| 9:31 | Improved Moon Armor |
| 9:33 | Huntress |
| 9:57 | Druid of the Claw |
| 9:58 | Druid of the Claw Adept Training |
| 10:11 | Evasion |
| 10:58 | Vorpal Blades |
| 10:59 | Glaive Thrower |
| 11:01 | Druid of the Claw |
| 11:15 | Tree of Eternity |
| 11:16 | Strength of the Wild |
| 12:38 | Moon Well |
| 12:39 | Moon Well |
| 12:40 | Moon Well |
| 13:35 | Glaive Thrower |
| 13:38 | Druid of the Claw Master Training |
| 13:39 | Druid of the Claw |
| 13:41 | Druid of the Claw |
| 14:15 | Glaive Thrower |
| 15:12 | Mark of the Claw |
| 15:12 | Druid of the Claw |
| 15:15 | Druid of the Claw |
| 15:39 | Glaive Thrower |
| 16:28 | Glaive Thrower |
| 16:30 | Wisp |
| 18:06 | Druid of the Claw |
| 18:49 | Ancient Protector |
| 18:50 | Ancient Protector |
| 18:53 | Wisp |
| 18:53 | Wisp |
| 19:36 | Thorns Aura |
| 19:54 | Tree of Life |
| 20:04 | Wisp |
| 20:38 | Druid of the Claw |
| 21:14 | Moon Well |
| 21:47 | Scroll of Town Portal |
| 24:48 | Glaive Thrower |
| 25:09 | Glaive Thrower |
| 25:27 | Druid of the Claw |
| 26:19 | Ancient Protector |
| 26:20 | Ancient Protector |
| Right click | 1578 |
| Select group | 546 |
| Select | 409 |
| Misc. action | 138 |
| Build/train/purchase | 91 |
| Assign group | 62 |
| Use ability | 31 |
| Minimap ping | 14 |
| Remove unit | 6 |
| Esc | 2 |
| Item give/drop | 1 |


| Healing Salve | 3 | 300 |
| Lesser Clarity Potion | 3 | 210 |
| Tiny Great Hall | 1 | 600 |
| Scroll of Town Portal | 1 | 350 |
| total: | 8 | 1460g |
| Peon | 22 | 1650 | / | 0 |
| Grunt | 7 | 1400 | / | 0 |
| Troll Headhunter | 8 | 1120 | / | 160 |
| Shaman | 4 | 520 | / | 80 |
| Raider | 8 | 1440 | / | 320 |
| Troll Berserker | 3 | 420 | / | 60 |
| Tauren | 2 | 560 | / | 160 |
| total: | 54 | 7110g | / | 780w |
| Watch Tower | 3 | 330 | / | 240 |
| Altar of Storms | 1 | 180 | / | 50 |
| Orc Burrow | 14 | 2240 | / | 560 |
| Barracks | 1 | 180 | / | 50 |
| Voodoo Lounge | 3 | 390 | / | 90 |
| War Mill | 1 | 205 | / | 0 |
| Spirit Lodge | 1 | 150 | / | 150 |
| Beastiary | 1 | 145 | / | 140 |
| Tauren Totem | 1 | 135 | / | 155 |
| Stronghold | 1 | 315 | / | 190 |
| Fortress | 1 | 325 | / | 190 |
| total: | 26 | 3955g | / | 1435w |
| 0:01 | Peon |
| 0:03 | Altar of Storms |
| 0:06 | Peon |
| 0:10 | Orc Burrow |
| 0:31 | Barracks |
| 0:41 | Peon |
| 0:51 | Peon |
| 1:02 | Peon |
| 1:24 | Peon |
| 1:30 | Orc Burrow |
| 1:36 | Grunt |
| 1:44 | Peon |
| 2:00 | Peon |
| 2:06 | Hex |
| 2:09 | Voodoo Lounge |
| 2:26 | Grunt |
| 2:39 | Peon |
| 2:43 | Orc Burrow |
| 2:50 | Pillage |
| 2:58 | Grunt |
| 3:14 | Stronghold |
| 3:25 | Healing Salve |
| 3:28 | Lesser Clarity Potion |
| 3:46 | Grunt |
| 4:09 | Grunt |
| 4:34 | War Mill |
| 4:42 | Healing Wave |
| 4:56 | Grunt |
| 4:59 | Healing Salve |
| 5:34 | Grunt |
| 5:46 | Healing Salve |
| 6:21 | Troll Headhunter |
| 6:37 | Lesser Clarity Potion |
| 7:10 | Spirit Lodge |
| 7:18 | Fortress |
| 7:28 | Lesser Clarity Potion |
| 8:01 | Troll Headhunter |
| 8:03 | Steel Ranged Weapons |
| 8:08 | Healing Wave |
| 8:14 | Orc Burrow |
| 8:16 | Endurance Aura |
| 8:32 | Shaman Adept Training |
| 8:34 | Beastiary |
| 9:02 | Troll Headhunter |
| 9:13 | Steel Armor |
| 9:22 | Troll Headhunter |
| 9:23 | Troll Regeneration |
| 9:39 | Shaman Master Training |
| 10:06 | Troll Headhunter |
| 10:28 | Troll Headhunter |
| 10:44 | War Stomp |
| 11:19 | Orc Burrow |
| 11:22 | Orc Burrow |
| 11:25 | Orc Burrow |
| 11:53 | Ensnare |
| 11:57 | Peon |
| 11:58 | Peon |
| 11:58 | Peon |
| 12:22 | Shaman |
| 12:32 | Shaman |
| 12:33 | Raider |
| 12:46 | Raider |
| 12:48 | Shaman |
| 12:57 | Raider |
| 13:51 | Orc Burrow |
| 13:53 | Orc Burrow |
| 14:50 | Raider |
| 14:53 | Thorium Ranged Weapons |
| 14:54 | Troll Headhunter |
| 15:11 | Tauren Totem |
| 15:33 | Troll Headhunter |
| 15:44 | Endurance Aura |
| 16:55 | Raider |
| 17:12 | Pulverize |
| 17:52 | Hex |
| 18:06 | Raider |
| 18:30 | Tiny Great Hall |
| 18:40 | Watch Tower |
| 19:05 | Peon |
| 19:06 | Peon |
| 19:06 | Peon |
| 19:27 | Berserker Upgrade |
| 20:09 | Peon |
| 20:09 | Peon |
| 20:09 | Peon |
| 20:09 | Peon |
| 20:31 | Raider |
| 20:45 | Troll Berserker |
| 20:46 | Shaman |
| 21:04 | Voodoo Lounge |
| 21:15 | Voodoo Lounge |
| 21:27 | Orc Burrow |
| 21:30 | Orc Burrow |
| 22:55 | Orc Burrow |
| 22:59 | Orc Burrow |
| 23:37 | Scroll of Town Portal |
| 23:54 | Orc Burrow |
| 24:04 | Thorium Armor |
| 24:08 | Peon |
| 24:18 | Peon |
| 24:45 | Peon |
| 24:51 | Tauren |
| 25:01 | Watch Tower |
| 25:02 | Watch Tower |
| 25:56 | Troll Berserker |
| 25:59 | Raider |
| 26:51 | Troll Berserker |
| 26:53 | Tauren |
| Right click | 1663 |
| Select | 715 |
| Select group | 691 |
| Misc. action | 185 |
| Build/train/purchase | 127 |
| Use ability | 57 |
| Assign group | 49 |
| Esc | 7 |
| Minimap ping | 7 |
| Item give/drop | 3 |


| Orb of Venom | 1 | 325 |
| Scroll of Town Portal | 2 | 700 |
| Boots of Speed | 2 | 500 |
| Healing Salve | 1 | 100 |
| total: | 6 | 1625g |
| Wisp | 31 | 1860 | / | 0 |
| Archer | 12 | 1560 | / | 120 |
| Chimaera | 12 | 3960 | / | 840 |
| Glaive Thrower | 1 | 210 | / | 65 |
| Druid of the Claw | 1 | 255 | / | 80 |
| Mountain Giant | 4 | 1400 | / | 400 |
| Hippogryph | 4 | 640 | / | 80 |
| total: | 65 | 9885g | / | 1585w |
| Altar of Elders | 1 | 180 | / | 50 |
| Moon Well | 12 | 2160 | / | 480 |
| Ancient of War | 1 | 150 | / | 60 |
| Hunter's Hall | 1 | 210 | / | 100 |
| Ancient of Wonders | 2 | 180 | / | 60 |
| Tree of Life | 3 | 1020 | / | 555 |
| Ancient of Wind | 2 | 300 | / | 280 |
| Ancient of Lore | 2 | 310 | / | 290 |
| Chimaera Roost | 2 | 280 | / | 380 |
| Tree of Ages | 1 | 320 | / | 180 |
| Tree of Eternity | 1 | 330 | / | 200 |
| total: | 26 | 4790g | / | 2255w |
| 0:01 | Wisp |
| 0:02 | Wisp |
| 0:06 | Altar of Elders |
| 0:09 | Wisp |
| 0:19 | Moon Well |
| 0:33 | Ancient of War |
| 0:35 | Wisp |
| 0:45 | Wisp |
| 0:55 | Wisp |
| 1:17 | Wisp |
| 1:23 | Moon Well |
| 1:31 | Wisp |
| 1:34 | Archer |
| 1:42 | Wisp |
| 1:50 | Wisp |
| 2:10 | Trueshot Aura |
| 2:14 | Archer |
| 2:24 | Wisp |
| 2:24 | Archer |
| 2:36 | Archer |
| 2:48 | Wisp |
| 2:55 | Tree of Ages |
| 3:13 | Moon Well |
| 3:25 | Archer |
| 3:49 | Hunter's Hall |
| 3:54 | Searing Arrows |
| 4:05 | Ancient of Wonders |
| 4:06 | Archer |
| 4:28 | Archer |
| 4:51 | Ultravision |
| 4:57 | Archer |
| 5:24 | Improved Bows |
| 5:34 | Trueshot Aura |
| 5:56 | Archer |
| 6:06 | Tree of Eternity |
| 6:14 | Strength of the Wild |
| 6:32 | Healing Salve |
| 7:03 | Reinforced Hides |
| 7:14 | Moon Well |
| 7:15 | Moon Well |
| 7:19 | Ancient of Wind |
| 7:26 | Archer |
| 7:27 | Archer |
| 7:38 | Searing Arrows |
| 7:53 | Improved Strength of the Wild |
| 7:59 | Moon Well |
| 8:31 | Chimaera Roost |
| 8:32 | Chimaera Roost |
| 8:37 | Archer |
| 9:02 | Marksmanship |
| 9:28 | Wisp |
| 9:28 | Wisp |
| 9:33 | Wisp |
| 9:35 | Well Spring |
| 9:37 | Wisp |
| 10:02 | Chimaera |
| 10:29 | Chimaera |
| 11:06 | Moon Well |
| 11:07 | Moon Well |
| 11:11 | Moon Well |
| 11:12 | Moon Well |
| 11:14 | Moon Well |
| 11:17 | Moon Well |
| 11:21 | Trueshot Aura |
| 11:25 | Advanced Strength of the Wild |
| 11:30 | Improved Reinforced Hides |
| 11:59 | Chimaera |
| 13:30 | Chimaera |
| 13:43 | Chimaera |
| 13:46 | Scroll of Town Portal |
| 14:32 | Chimaera |
| 14:41 | Tree of Life |
| 15:06 | Chimaera |
| 15:53 | Glaive Thrower |
| 16:04 | Ancient of Lore |
| 16:12 | Wisp |
| 16:16 | Tree of Life |
| 17:09 | Wisp |
| 17:09 | Wisp |
| 17:09 | Wisp |
| 18:20 | Wisp |
| 18:20 | Wisp |
| 18:20 | Wisp |
| 18:23 | Wisp |
| 18:24 | Wisp |
| 18:35 | Chimaera |
| 18:43 | Wisp |
| 19:16 | Hardened Skin |
| 19:58 | Chimaera |
| 20:02 | Entangling Roots |
| 20:51 | Druid of the Claw |
| 20:52 | Mountain Giant |
| 20:53 | Chimaera |
| 20:54 | Scroll of Town Portal |
| 20:59 | Boots of Speed |
| 20:59 | Boots of Speed |
| 21:10 | Wisp |
| 21:15 | Ancient of Wonders |
| 21:20 | Corrosive Breath |
| 22:18 | Tree of Life |
| 23:24 | Starfall |
| 23:40 | Chimaera |
| 23:40 | Mountain Giant |
| 23:41 | Mountain Giant |
| 24:11 | Strength of the Moon |
| 24:36 | Advanced Reinforced Hides |
| 24:56 | Ancient of Lore |
| 25:41 | Force of Nature |
| 25:43 | Chimaera |
| 25:44 | Mountain Giant |
| 26:45 | Hippogryph |
| 26:45 | Hippogryph |
| 26:45 | Hippogryph |
| 26:45 | Hippogryph |
| 26:57 | Wisp |
| 27:10 | Ancient of Wind |
| 27:45 | Orb of Venom |
| 28:06 | Wisp |
| 28:06 | Wisp |
| 28:06 | Wisp |
| Right click | 1507 |
| Select | 774 |
| Select group | 717 |
| Build/train/purchase | 115 |
| Misc. action | 99 |
| Minimap ping | 74 |
| Assign group | 58 |
| Use ability | 20 |
| Resource trade | 12 |
| Esc | 7 |
| Item give/drop | 4 |
| Remove unit | 2 |
90 units @ 8.9k
/ 0.7k
289 buildings @ 17.6k
/ 10.1k



x1)
| Staff of Sanctuary | 3 | 750 |
| Orb of Fire | 3 | 975 |
| Potion of Healing | 1 | 150 |
| Staff of Teleportation | 3 | 450 |
| Boots of Speed | 3 | 750 |
| Periapt of Vitality | 4 | 1300 |
| Circlet of Nobility | 2 | 350 |
| Tome of Retraining | 1 | 300 |
| Orb of Lightning | 2 | 750 |
| Healing Salve | 1 | 100 |
| total: | 23 | 5875g |
| Peasant | 24 | 1800 | / | 0 |
| Priest | 1 | 135 | / | 10 |
| Dragonhawk Rider | 3 | 600 | / | 90 |
| total: | 28 | 2535g | / | 100w |
| Scout Tower | 133 | 3990 | / | 2660 |
| Arcane Tower | 6 | 420 | / | 300 |
| Guard Tower | 39 | 2730 | / | 1950 |
| Altar of Kings | 1 | 180 | / | 50 |
| Farm | 5 | 400 | / | 100 |
| Lumber Mill | 1 | 120 | / | 0 |
| Town Hall | 2 | 770 | / | 410 |
| Arcane Vault | 2 | 260 | / | 60 |
| Blacksmith | 2 | 280 | / | 120 |
| Barracks | 1 | 160 | / | 60 |
| Arcane Sanctum | 1 | 150 | / | 140 |
| Gryphon Aviary | 1 | 140 | / | 150 |
| Keep | 1 | 320 | / | 210 |
| Castle | 1 | 360 | / | 210 |
| total: | 149 | 6450g | / | 3750w |
| 0:03 | Peasant |
| 0:03 | Peasant |
| 0:09 | Altar of Kings |
| 0:16 | Farm |
| 0:36 | Peasant |
| 0:36 | Peasant |
| 0:39 | Lumber Mill |
| 0:51 | Peasant |
| 0:52 | Peasant |
| 0:58 | Scout Tower |
| 1:01 | Peasant |
| 1:11 | Farm |
| 1:20 | Peasant |
| 1:30 | Arcane Tower |
| 1:36 | Peasant |
| 1:54 | Scout Tower |
| 1:59 | Peasant |
| 2:03 | Peasant |
| 2:03 | Peasant |
| 2:04 | Peasant |
| 2:09 | Summon Water Elemental |
| 2:20 | Guard Tower |
| 2:22 | Scout Tower |
| 2:23 | Peasant |
| 2:48 | Guard Tower |
| 3:26 | Brilliance Aura |
| 3:33 | Peasant |
| 3:54 | Town Hall |
| 4:04 | Scout Tower |
| 4:04 | Scout Tower |
| 4:17 | Scout Tower |
| 4:18 | Scout Tower |
| 4:27 | Staff of Teleportation |
| 4:27 | Boots of Speed |
| 4:28 | Periapt of Vitality |
| 4:33 | Circlet of Nobility |
| 4:38 | Arcane Tower |
| 4:52 | Peasant |
| 4:52 | Peasant |
| 4:56 | Guard Tower |
| 5:04 | Peasant |
| 5:04 | Peasant |
| 5:13 | Arcane Tower |
| 5:16 | Guard Tower |
| 5:43 | Keep |
| 5:48 | Scout Tower |
| 5:49 | Scout Tower |
| 6:02 | Scout Tower |
| 6:03 | Scout Tower |
| 6:05 | Scout Tower |
| 6:05 | Scout Tower |
| 6:35 | Improved Masonry |
| 6:36 | Guard Tower |
| 6:38 | Guard Tower |
| 6:47 | Peasant |
| 6:48 | Peasant |
| 6:52 | Scout Tower |
| 6:53 | Scout Tower |
| 6:57 | Scout Tower |
| 6:58 | Scout Tower |
| 6:58 | Scout Tower |
| 6:59 | Scout Tower |
| 7:00 | Guard Tower |
| 7:03 | Scout Tower |
| 7:05 | Scout Tower |
| 7:06 | Scout Tower |
| 7:06 | Guard Tower |
| 7:14 | Scout Tower |
| 7:15 | Scout Tower |
| 7:21 | Scout Tower |
| 7:21 | Scout Tower |
| 7:25 | Guard Tower |
| 7:26 | Guard Tower |
| 7:29 | Guard Tower |
| 7:34 | Arcane Tower |
| 7:39 | Guard Tower |
| 7:46 | Peasant |
| 7:48 | Guard Tower |
| 7:51 | Farm |
| 8:18 | Guard Tower |
| 8:28 | Improved Lumber Harvesting |
| 8:42 | Castle |
| 8:52 | Guard Tower |
| 8:53 | Peasant |
| 8:54 | Peasant |
| 9:02 | Storm Bolt |
| 9:06 | Guard Tower |
| 9:26 | Summon Water Elemental |
| 9:34 | Arcane Vault |
| 9:35 | Arcane Vault |
| 9:38 | Arcane Sanctum |
| 9:58 | Advanced Masonry |
| 10:01 | Scout Tower |
| 10:01 | Scout Tower |
| 10:02 | Scout Tower |
| 10:03 | Scout Tower |
| 10:03 | Scout Tower |
| 10:04 | Scout Tower |
| 10:04 | Scout Tower |
| 10:05 | Scout Tower |
| 10:08 | Scout Tower |
| 10:09 | Scout Tower |
| 10:10 | Scout Tower |
| 10:10 | Scout Tower |
| 10:12 | Scout Tower |
| 10:12 | Scout Tower |
| 10:46 | Guard Tower |
| 10:49 | Guard Tower |
| 11:16 | Magic Sentry |
| 11:17 | Imbued Masonry |
| 11:20 | Staff of Teleportation |
| 11:20 | Boots of Speed |
| 11:20 | Circlet of Nobility |
| 11:32 | Farm |
| 11:37 | Staff of Sanctuary |
| 11:38 | Orb of Fire |
| 11:42 | Staff of Sanctuary |
| 11:42 | Orb of Fire |
| 11:55 | Guard Tower |
| 12:02 | Guard Tower |
| 12:06 | Bash |
| 12:29 | Advanced Lumber Harvesting |
| 12:34 | Holy Light |
| 12:42 | Blacksmith |
| 12:44 | Barracks |
| 12:45 | Blacksmith |
| 12:47 | Gryphon Aviary |
| 12:52 | Boots of Speed |
| 12:55 | Periapt of Vitality |
| 13:48 | Priest |
| 13:48 | Priest Adept Training |
| 13:52 | Scout Tower |
| 13:53 | Scout Tower |
| 13:54 | Scout Tower |
| 13:54 | Scout Tower |
| 13:55 | Scout Tower |
| 13:55 | Scout Tower |
| 13:57 | Scout Tower |
| 13:57 | Scout Tower |
| 13:58 | Scout Tower |
| 13:59 | Animal War Training |
| 14:01 | Studded Leather Armor |
| 14:04 | Dragonhawk Rider |
| 14:06 | Dragonhawk Rider |
| 14:06 | Dragonhawk Rider |
| 14:08 | Farm |
| 14:14 | Staff of Teleportation |
| 14:14 | Periapt of Vitality |
| 15:04 | Guard Tower |
| 15:10 | Orb of Lightning |
| 15:12 | Guard Tower |
| 15:14 | Scout Tower |
| 15:15 | Scout Tower |
| 15:15 | Scout Tower |
| 15:58 | Guard Tower |
| 16:00 | Staff of Sanctuary |
| 16:02 | Orb of Fire |
| 16:11 | Scout Tower |
| 16:11 | Scout Tower |
| 16:12 | Scout Tower |
| 16:13 | Scout Tower |
| 16:13 | Scout Tower |
| 16:15 | Scout Tower |
| 16:16 | Scout Tower |
| 16:17 | Scout Tower |
| 16:17 | Scout Tower |
| 16:18 | Scout Tower |
| 16:19 | Scout Tower |
| 16:25 | Reinforced Leather Armor |
| 16:52 | Guard Tower |
| 17:18 | Guard Tower |
| 17:21 | Scout Tower |
| 17:21 | Scout Tower |
| 17:37 | Guard Tower |
| 17:38 | Scout Tower |
| 17:39 | Scout Tower |
| 17:40 | Scout Tower |
| 17:40 | Scout Tower |
| 17:43 | Scout Tower |
| 17:44 | Scout Tower |
| 17:46 | Scout Tower |
| 17:47 | Scout Tower |
| 17:49 | Guard Tower |
| 17:51 | Scout Tower |
| 17:51 | Scout Tower |
| 17:52 | Scout Tower |
| 17:52 | Scout Tower |
| 17:53 | Scout Tower |
| 17:54 | Scout Tower |
| 17:55 | Scout Tower |
| 18:07 | Tome of Retraining |
| 18:07 | Retrain Hero |
| 18:09 | Guard Tower |
| 18:11 | Scout Tower |
| 18:12 | Scout Tower |
| 18:13 | Scout Tower |
| 18:13 | Scout Tower |
| 18:14 | Scout Tower |
| 18:20 | Blizzard |
| 18:20 | Blizzard |
| 18:20 | Brilliance Aura |
| 18:20 | Brilliance Aura |
| 18:31 | Guard Tower |
| 18:32 | Guard Tower |
| 18:40 | Scout Tower |
| 18:41 | Scout Tower |
| 18:41 | Scout Tower |
| 18:42 | Scout Tower |
| 18:43 | Scout Tower |
| 18:43 | Scout Tower |
| 18:44 | Scout Tower |
| 18:45 | Scout Tower |
| 18:46 | Scout Tower |
| 18:47 | Scout Tower |
| 18:47 | Scout Tower |
| 18:48 | Scout Tower |
| 18:50 | Guard Tower |
| 19:04 | Dragonhide Armor |
| 19:10 | Periapt of Vitality |
| 19:40 | Arcane Tower |
| 20:54 | Arcane Tower |
| 21:07 | Guard Tower |
| 22:33 | Divine Shield |
| 22:54 | Storm Bolt |
| 23:50 | Priest Master Training |
| 23:51 | Iron Forged Swords |
| 23:54 | Guard Tower |
| 23:56 | Guard Tower |
| 24:09 | Scout Tower |
| 24:10 | Scout Tower |
| 24:10 | Scout Tower |
| 24:12 | Scout Tower |
| 24:13 | Scout Tower |
| 24:14 | Scout Tower |
| 24:16 | Scout Tower |
| 24:17 | Scout Tower |
| 24:19 | Scout Tower |
| 24:20 | Scout Tower |
| 24:22 | Scout Tower |
| 24:23 | Scout Tower |
| 24:23 | Scout Tower |
| 24:24 | Scout Tower |
| 24:24 | Scout Tower |
| 24:25 | Scout Tower |
| 24:34 | Potion of Healing |
| 24:38 | Healing Salve |
| 24:43 | Orb of Lightning |
| 24:53 | Town Hall |
| 25:15 | Scout Tower |
| 25:15 | Scout Tower |
| 25:16 | Scout Tower |
| 25:17 | Scout Tower |
| 25:18 | Scout Tower |
| 25:19 | Scout Tower |
| 25:19 | Scout Tower |
| 25:19 | Scout Tower |
| 25:20 | Scout Tower |
| 25:21 | Scout Tower |
| 25:53 | Guard Tower |
| 26:03 | Guard Tower |
| 26:45 | Guard Tower |
| 26:51 | Guard Tower |
| 27:05 | Holy Light |
| 27:10 | Guard Tower |
| 28:14 | Scout Tower |
| 28:15 | Scout Tower |
| 28:15 | Scout Tower |
| 28:16 | Scout Tower |
| 28:25 | Scout Tower |
| 28:26 | Scout Tower |
| 28:26 | Scout Tower |
| 28:27 | Scout Tower |
| 28:27 | Scout Tower |
| 28:28 | Scout Tower |
| Right click | 2047 |
| Select group | 1875 |
| Select | 374 |
| Build/train/purchase | 167 |
| Use ability | 79 |
| Misc. action | 33 |
| Assign group | 15 |
| Item give/drop | 14 |
| Minimap ping | 5 |
| Resource trade | 4 |
| Chat | 4 |
| Esc | 2 |


| Healing Salve | 4 | 400 |
| Orb of Lightning | 1 | 375 |
| Boots of Speed | 2 | 500 |
| Staff of Teleportation | 2 | 300 |
| Staff of Sanctuary | 1 | 250 |
| total: | 10 | 1825g |
| Peon | 21 | 1575 | / | 0 |
| Troll Batrider | 11 | 1760 | / | 440 |
| total: | 32 | 3335g | / | 440w |
| Watch Tower | 39 | 4290 | / | 3120 |
| Altar of Storms | 1 | 180 | / | 50 |
| Orc Burrow | 4 | 640 | / | 160 |
| War Mill | 1 | 205 | / | 0 |
| Voodoo Lounge | 3 | 390 | / | 90 |
| Great Hall | 2 | 770 | / | 370 |
| Beastiary | 2 | 290 | / | 280 |
| Stronghold | 1 | 315 | / | 190 |
| Fortress | 1 | 325 | / | 190 |
| total: | 52 | 6765g | / | 4070w |
| 0:02 | Peon |
| 0:02 | Peon |
| 0:05 | Altar of Storms |
| 0:18 | Orc Burrow |
| 0:30 | Peon |
| 0:50 | War Mill |
| 0:51 | Peon |
| 0:52 | Peon |
| 0:59 | Voodoo Lounge |
| 1:06 | Peon |
| 1:13 | Peon |
| 1:26 | Peon |
| 1:38 | Orc Burrow |
| 1:51 | Peon |
| 2:06 | Watch Tower |
| 2:10 | Peon |
| 2:20 | Healing Salve |
| 2:24 | Wind Walk |
| 2:32 | Watch Tower |
| 2:46 | Peon |
| 2:49 | Watch Tower |
| 3:11 | Peon |
| 3:15 | Watch Tower |
| 3:45 | Peon |
| 3:45 | Peon |
| 3:48 | Watch Tower |
| 3:56 | Critical Strike |
| 4:15 | Voodoo Lounge |
| 4:19 | Stronghold |
| 4:26 | Watch Tower |
| 4:52 | Watch Tower |
| 5:01 | Boots of Speed |
| 5:11 | Watch Tower |
| 5:53 | Watch Tower |
| 5:57 | Voodoo Lounge |
| 6:37 | Watch Tower |
| 6:41 | Orc Burrow |
| 7:03 | Watch Tower |
| 7:49 | Hex |
| 7:51 | Beastiary |
| 7:53 | Beastiary |
| 7:56 | Watch Tower |
| 8:24 | Great Hall |
| 8:32 | Peon |
| 8:39 | Watch Tower |
| 8:44 | Healing Salve |
| 9:05 | Watch Tower |
| 9:14 | Spiked Barricades |
| 9:53 | Watch Tower |
| 10:13 | Watch Tower |
| 10:46 | Reinforced Defenses |
| 10:46 | Improved Spiked Barricades |
| 10:48 | Watch Tower |
| 10:49 | Watch Tower |
| 10:50 | Watch Tower |
| 11:00 | Healing Salve |
| 11:08 | Watch Tower |
| 11:11 | Watch Tower |
| 11:13 | Peon |
| 11:13 | Peon |
| 11:26 | Watch Tower |
| 11:45 | Fortress |
| 11:59 | Watch Tower |
| 12:38 | Troll Batrider |
| 12:38 | Troll Batrider |
| 12:50 | Orc Burrow |
| 13:14 | Wind Walk |
| 13:27 | Healing Salve |
| 13:31 | Troll Batrider |
| 14:22 | Orb of Lightning |
| 14:34 | Watch Tower |
| 14:37 | Watch Tower |
| 14:39 | Watch Tower |
| 14:41 | Watch Tower |
| 15:00 | Troll Batrider |
| 15:01 | Liquid Fire |
| 15:53 | Great Hall |
| 15:55 | Watch Tower |
| 16:00 | Watch Tower |
| 16:50 | Healing Wave |
| 17:17 | Watch Tower |
| 17:19 | Watch Tower |
| 17:37 | Steel Ranged Weapons |
| 18:20 | Watch Tower |
| 18:23 | Watch Tower |
| 18:30 | Boots of Speed |
| 18:30 | Staff of Teleportation |
| 18:39 | Troll Batrider |
| 18:43 | Peon |
| 18:43 | Peon |
| 18:43 | Peon |
| 18:43 | Peon |
| 19:12 | Troll Batrider |
| 19:13 | Thorium Ranged Weapons |
| 19:42 | Watch Tower |
| 19:50 | Watch Tower |
| 21:05 | Watch Tower |
| 21:07 | Watch Tower |
| 21:38 | Staff of Sanctuary |
| 22:18 | Watch Tower |
| 22:19 | Watch Tower |
| 22:49 | Troll Batrider |
| 22:49 | Troll Batrider |
| 23:50 | Troll Batrider |
| 24:13 | Staff of Teleportation |
| 24:41 | Troll Batrider |
| 24:55 | Arcanite Ranged Weapons |
| 26:29 | Troll Batrider |
| 27:02 | Critical Strike |
| Right click | 2413 |
| Select | 500 |
| Select group | 285 |
| Use ability | 125 |
| Build/train/purchase | 89 |
| Misc. action | 37 |
| Assign group | 12 |
| Resource trade | 11 |
| Item give/drop | 4 |
| Esc | 2 |
| Remove unit | 1 |
| Minimap ping | 1 |
BEARAND
(28:32) : 


x1)
| Staff of Sanctuary | 3 | 750 |
| Boots of Speed | 4 | 1000 |
| Staff of Teleportation | 3 | 450 |
| Periapt of Vitality | 1 | 325 |
| Tome of Retraining | 1 | 300 |
| Healing Salve | 2 | 200 |
| Orb of Lightning | 2 | 750 |
| total: | 16 | 3775g |
| Peasant | 23 | 1725 | / | 0 |
| Priest | 2 | 270 | / | 20 |
| Dragonhawk Rider | 5 | 1000 | / | 150 |
| total: | 30 | 2995g | / | 170w |
| Scout Tower | 72 | 2160 | / | 1440 |
| Arcane Tower | 5 | 350 | / | 250 |
| Guard Tower | 34 | 2380 | / | 1700 |
| Altar of Kings | 1 | 180 | / | 50 |
| Farm | 5 | 400 | / | 100 |
| Lumber Mill | 1 | 120 | / | 0 |
| Town Hall | 1 | 385 | / | 205 |
| Arcane Vault | 4 | 520 | / | 120 |
| Blacksmith | 1 | 140 | / | 60 |
| Barracks | 1 | 160 | / | 60 |
| Arcane Sanctum | 1 | 150 | / | 140 |
| Gryphon Aviary | 1 | 140 | / | 150 |
| Keep | 1 | 320 | / | 210 |
| Castle | 1 | 360 | / | 210 |
| total: | 88 | 4355g | / | 2325w |
| 0:01 | Peasant |
| 0:02 | Peasant |
| 0:07 | Altar of Kings |
| 0:17 | Farm |
| 0:21 | Peasant |
| 0:34 | Farm |
| 0:39 | Peasant |
| 0:43 | Scout Tower |
| 0:50 | Peasant |
| 1:04 | Lumber Mill |
| 1:13 | Peasant |
| 1:17 | Scout Tower |
| 1:22 | Scout Tower |
| 1:23 | Peasant |
| 1:29 | Peasant |
| 1:38 | Arcane Tower |
| 1:44 | Peasant |
| 1:55 | Peasant |
| 2:02 | Peasant |
| 2:03 | Peasant |
| 2:05 | Summon Water Elemental |
| 2:10 | Guard Tower |
| 2:11 | Scout Tower |
| 2:12 | Scout Tower |
| 2:24 | Peasant |
| 2:26 | Scout Tower |
| 2:27 | Peasant |
| 3:05 | Peasant |
| 3:08 | Peasant |
| 3:11 | Guard Tower |
| 4:10 | Town Hall |
| 4:27 | Boots of Speed |
| 4:27 | Staff of Teleportation |
| 4:31 | Brilliance Aura |
| 4:45 | Keep |
| 5:07 | Scout Tower |
| 5:08 | Scout Tower |
| 5:41 | Peasant |
| 5:41 | Peasant |
| 5:41 | Peasant |
| 5:42 | Peasant |
| 5:42 | Peasant |
| 5:42 | Peasant |
| 5:42 | Peasant |
| 5:43 | Guard Tower |
| 5:44 | Scout Tower |
| 5:45 | Scout Tower |
| 6:32 | Scout Tower |
| 6:33 | Scout Tower |
| 6:33 | Scout Tower |
| 6:34 | Guard Tower |
| 6:35 | Guard Tower |
| 6:39 | Scout Tower |
| 6:39 | Scout Tower |
| 6:40 | Scout Tower |
| 6:40 | Scout Tower |
| 6:41 | Scout Tower |
| 6:42 | Scout Tower |
| 6:42 | Scout Tower |
| 6:42 | Scout Tower |
| 6:44 | Scout Tower |
| 6:44 | Scout Tower |
| 6:59 | Improved Masonry |
| 7:09 | Guard Tower |
| 7:36 | Guard Tower |
| 8:04 | Guard Tower |
| 8:06 | Castle |
| 8:07 | Improved Lumber Harvesting |
| 8:09 | Farm |
| 8:10 | Farm |
| 8:23 | Guard Tower |
| 8:24 | Guard Tower |
| 8:24 | Guard Tower |
| 8:27 | Scout Tower |
| 8:45 | Arcane Vault |
| 8:49 | Healing Salve |
| 9:06 | Guard Tower |
| 9:07 | Scout Tower |
| 9:08 | Scout Tower |
| 9:11 | Scout Tower |
| 9:12 | Scout Tower |
| 9:12 | Scout Tower |
| 9:13 | Scout Tower |
| 9:13 | Scout Tower |
| 9:14 | Scout Tower |
| 9:14 | Scout Tower |
| 9:14 | Scout Tower |
| 9:18 | Arcane Tower |
| 9:22 | Storm Bolt |
| 9:31 | Arcane Vault |
| 9:38 | Arcane Tower |
| 9:52 | Scout Tower |
| 9:53 | Scout Tower |
| 10:22 | Guard Tower |
| 10:44 | Guard Tower |
| 10:46 | Scout Tower |
| 10:47 | Scout Tower |
| 10:54 | Guard Tower |
| 10:56 | Guard Tower |
| 11:12 | Advanced Masonry |
| 11:13 | Advanced Lumber Harvesting |
| 11:16 | Arcane Sanctum |
| 11:19 | Guard Tower |
| 11:32 | Guard Tower |
| 12:05 | Arcane Vault |
| 12:07 | Boots of Speed |
| 12:07 | Staff of Teleportation |
| 12:08 | Periapt of Vitality |
| 12:11 | Boots of Speed |
| 12:11 | Tome of Retraining |
| 12:11 | Retrain Hero |
| 12:21 | Blizzard |
| 12:21 | Brilliance Aura |
| 12:31 | Guard Tower |
| 12:33 | Magic Sentry |
| 12:33 | Priest |
| 12:34 | Priest |
| 12:37 | Guard Tower |
| 12:56 | Healing Salve |
| 13:01 | Arcane Vault |
| 13:14 | Blizzard |
| 13:35 | Holy Light |
| 13:36 | Boots of Speed |
| 13:36 | Staff of Teleportation |
| 13:53 | Guard Tower |
| 13:54 | Farm |
| 13:56 | Gryphon Aviary |
| 13:58 | Priest Adept Training |
| 13:59 | Sorceress Adept Training |
| 14:45 | Staff of Sanctuary |
| 14:55 | Orb of Lightning |
| 15:05 | Scout Tower |
| 16:12 | Staff of Sanctuary |
| 16:48 | Bash |
| 17:26 | Orb of Lightning |
| 18:00 | Divine Shield |
| 18:13 | Blacksmith |
| 18:14 | Barracks |
| 18:17 | Scout Tower |
| 18:18 | Scout Tower |
| 18:18 | Scout Tower |
| 18:19 | Scout Tower |
| 18:19 | Scout Tower |
| 18:20 | Scout Tower |
| 18:23 | Guard Tower |
| 18:24 | Scout Tower |
| 18:54 | Imbued Masonry |
| 19:00 | Guard Tower |
| 19:01 | Scout Tower |
| 19:03 | Scout Tower |
| 19:05 | Scout Tower |
| 19:05 | Scout Tower |
| 19:06 | Scout Tower |
| 19:06 | Scout Tower |
| 19:30 | Arcane Tower |
| 20:08 | Guard Tower |
| 20:13 | Dragonhawk Rider |
| 20:14 | Dragonhawk Rider |
| 20:14 | Dragonhawk Rider |
| 20:19 | Studded Leather Armor |
| 21:09 | Arcane Tower |
| 21:10 | Guard Tower |
| 21:13 | Animal War Training |
| 21:24 | Guard Tower |
| 21:27 | Scout Tower |
| 21:28 | Scout Tower |
| 21:28 | Scout Tower |
| 21:29 | Scout Tower |
| 21:29 | Scout Tower |
| 21:30 | Scout Tower |
| 21:30 | Scout Tower |
| 21:31 | Scout Tower |
| 21:32 | Scout Tower |
| 21:32 | Scout Tower |
| 21:33 | Scout Tower |
| 21:33 | Scout Tower |
| 21:34 | Scout Tower |
| 21:34 | Scout Tower |
| 21:35 | Scout Tower |
| 21:36 | Scout Tower |
| 22:04 | Guard Tower |
| 22:05 | Scout Tower |
| 22:05 | Scout Tower |
| 22:06 | Scout Tower |
| 22:06 | Scout Tower |
| 22:43 | Storm Bolt |
| 23:41 | Holy Light |
| 23:46 | Guard Tower |
| 23:54 | Brilliance Aura |
| 24:38 | Guard Tower |
| 25:13 | Guard Tower |
| 25:21 | Staff of Sanctuary |
| 27:08 | Dragonhawk Rider |
| 27:08 | Dragonhawk Rider |
| 27:48 | Bash |
| Right click | 2293 |
| Select | 717 |
| Select group | 425 |
| Build/train/purchase | 173 |
| Use ability | 78 |
| Resource trade | 49 |
| Chat | 25 |
| Assign group | 22 |
| Misc. action | 21 |
| Minimap ping | 14 |
| Item give/drop | 4 |
| Remove unit | 3 |
⇛